APP
PHILADELPHIA (APP) PHILLIES @ MISSOULA OSPREY
06/16/2044
 
TOP OF THE 1ST
Philadelphia (APP) Phillies batting - Pitching for Missoula Osprey : RHP Alex Andrade
Pitching: RHP Alex Andrade
Batting: LHB Matt Urbanek 0-0: Ball
1-0: Called Strike
1-1: Ball
2-1: Ball
3-1: Ground out 4-3 (Groundball, 4, EV 93.1 MPH)
Batting: RHB Carlos Morejon 0-0: Swinging Strike
0-1: Called Strike
0-2: Ball
1-2: Foul Ball, location: 2F
1-2: Foul Ball, location: 2F
1-2: Ball
2-2: Strikes out swinging
Batting: RHB Kyle Reilly 0-0: Called Strike
0-1: Foul Ball, location: 2F
0-2: Ball
1-2: DOUBLE (Flyball, 8LXD, EV 98.1 MPH)
Batting: RHB Seung-mun Kim 0-0: 2-RUN HOME RUN (Flyball, 7D, EV 93.1 MPH), Distance : 348 ft
Batting: RHB Eduardo Calderon 0-0: Called Strike
0-1: Swinging Strike
0-2: Strikes out swinging
Top of the 1st over - 2 runs, 2 hits, 0 errors, 0 left on base; Philadelphia (APP) 2 - Missoula 0
BOTTOM OF THE 1ST
Missoula Osprey batting - Pitching for Philadelphia (APP) Phillies : LHP Phuck II
Pitching: LHP Phuck II
Batting: RHB Nate Spencer 0-0: Ground out 4-3 (Groundball, 4, EV 101.9 MPH)
Batting: SHB Roger Holmes 0-0: Ball
1-0: Ball
2-0: Ball
3-0: Base on Balls
Batting: RHB Antonio Luisa 0-0: Called Strike
0-1: Ball
1-1: Ball
2-1: SINGLE (Line Drive, 9S, EV 106.9 MPH)
Roger Holmes to second
Batting: SHB Evan Armagost 0-0: Foul Ball, location: 2F
0-1: Ball
1-1: Foul Ball, location: 2F
1-2: Ball
2-2: Strikes out swinging
Batting: RHB Paul Schreiber 0-0: Foul Ball, location: 2F
0-1: Ball
1-1: Ball
2-1: Foul Ball, location: 2F
2-2: Fly out, F5 (Line Drive, 5, EV 61.9 MPH)
Bottom of the 1st over - 0 runs, 1 hit, 0 errors, 2 left on base; Philadelphia (APP) 2 - Missoula 0
TOP OF THE 2ND
Philadelphia (APP) Phillies batting - Pitching for Missoula Osprey : RHP Alex Andrade
Batting: LHB Eric Farren 0-0: Ball
1-0: Ball
2-0: Called Strike
2-1: Ground out 4-3 (Groundball, 4, EV 105.6 MPH)
Batting: RHB Vaclav Been 0-0: Ball
1-0: Foul Ball, location: 2F
1-1: Foul Ball, location: 2F
1-2: Ball
2-2: SOLO HOME RUN (Flyball, 9D, EV 96.9 MPH), Distance : 346 ft
Batting: RHB Mark Schultz 0-0: Fly out, F1 (Line Drive, P, EV 71.2 MPH)
Batting: RHB Gary Sampson 0-0: Ground out 4-3 (Groundball, 34, EV 99.4 MPH)
Top of the 2nd over - 1 run, 1 hit, 0 errors, 0 left on base; Philadelphia (APP) 3 - Missoula 0
BOTTOM OF THE 2ND
Missoula Osprey batting - Pitching for Philadelphia (APP) Phillies : LHP Phuck II
Batting: LHB Enrique Ponce 0-0: Ball
1-0: Foul Ball, location: 2F
1-1: Ball
2-1: Ball
3-1: Called Strike
3-2: SINGLE (Line Drive, 56, EV 104.4 MPH)
Batting: SHB Lee Dillon 0-0: Called Strike
0-1: Foul Ball, location: 2F
0-2: Fielders Choice at 2nd, 4-6 (Groundball, 4, EV 75.6 MPH)
Batting: LHB Tae-geun Kwang 0-0: Ball
1-0: Grounds into double play, 6-4-3 (Groundball, 6MD, EV 98.1 MPH)
Bottom of the 2nd over - 0 runs, 1 hit, 0 errors, 0 left on base; Philadelphia (APP) 3 - Missoula 0
TOP OF THE 3RD
Philadelphia (APP) Phillies batting - Pitching for Missoula Osprey : RHP Alex Andrade
Batting: LHB Matt Urbanek 0-0: Ball
1-0: Called Strike
1-1: Ball
2-1: Ball
3-1: Base on Balls
Batting: RHB Carlos Morejon 0-0: Called Strike
Matt Urbanek steals 2nd base
0-1: DOUBLE (Flyball, 9LD, EV 101.2 MPH)
Matt Urbanek scores
Batting: RHB Kyle Reilly 0-0: Ball
1-0: Swinging Strike
1-1: Ball
2-1: Foul Ball, location: 2F
2-2: Fly out, F2 (Popup, 2RF, EV 91.9 MPH)
Batting: RHB Seung-mun Kim 0-0: Ball
1-0: Ball
2-0: Ball
3-0: Called Strike
3-1: Called Strike
3-2: Base on Balls
Batting: RHB Eduardo Calderon 0-0: Called Strike
0-1: Called Strike
0-2: Ball
1-2: Ball
2-2: Strikes out looking
Batting: LHB Eric Farren 0-0: Fly out, F7 (Flyball, 7D, EV 102.5 MPH)
Top of the 3rd over - 1 run, 1 hit, 0 errors, 2 left on base; Philadelphia (APP) 4 - Missoula 0
BOTTOM OF THE 3RD
Missoula Osprey batting - Pitching for Philadelphia (APP) Phillies : LHP Phuck II
Batting: RHB Zach Espinosa 0-0: Called Strike
0-1: Ball
1-1: Swinging Strike
1-2: Strikes out looking
Batting: RHB Nate Spencer 0-0: Foul Ball, location: 2F
0-1: Ball
1-1: SINGLE (Line Drive, 34, EV 110.0 MPH)
Batting: SHB Roger Holmes 0-0: Ball
1-0: Called Strike
1-1: Ball
2-1: Foul Ball, location: 2F
2-2: Ball
3-2: Base on Balls
Nate Spencer to second
Batting: RHB Antonio Luisa 0-0: Called Strike
Nate Spencer steals 3rd base
0-1: Fielders Choice at 2nd, 4-6 (Groundball, 13, EV 81.9 MPH)
Nate Spencer scores
Batting: SHB Evan Armagost 0-0: Ball
1-0: Called Strike
1-1: Ball
2-1: Foul Ball, location: 2F
2-2: Foul Ball, location: 2F
2-2: Ball
3-2: Base on Balls
Antonio Luisa to second
Batting: RHB Paul Schreiber 0-0: Ball
1-0: Ground out U3 (Groundball, 3L, EV 86.9 MPH)
Bottom of the 3rd over - 1 run, 1 hit, 0 errors, 2 left on base; Philadelphia (APP) 4 - Missoula 1
TOP OF THE 4TH
Philadelphia (APP) Phillies batting - Pitching for Missoula Osprey : RHP Alex Andrade
Batting: RHB Vaclav Been 0-0: Swinging Strike
0-1: Foul Ball, location: 2F
0-2: Ball
1-2: Ball
2-2: Foul Ball, location: 2F
2-2: Foul Ball, location: 2F
2-2: Strikes out swinging
Batting: RHB Mark Schultz 0-0: Ball
1-0: Foul Ball, location: 2F
1-1: Ball
2-1: DOUBLE (Line Drive, 89D, EV 106.2 MPH)
Batting: RHB Gary Sampson 0-0: Called Strike
0-1: Ball
1-1: Ground out 4-3 (Groundball, 4, EV 102.5 MPH)
Mark Schultz to third
Batting: LHB Matt Urbanek 0-0: Foul Ball, location: 2F
0-1: Ball
1-1: Foul Ball, location: 2F
1-2: Strikes out swinging
Top of the 4th over - 0 runs, 1 hit, 0 errors, 1 left on base; Philadelphia (APP) 4 - Missoula 1
BOTTOM OF THE 4TH
Missoula Osprey batting - Pitching for Philadelphia (APP) Phillies : LHP Phuck II
Batting: LHB Enrique Ponce 0-0: Ball
1-0: Ball
2-0: Called Strike
2-1: Ball
3-1: Base on Balls
Batting: SHB Lee Dillon 0-0: Foul Ball, location: 2F
0-1: Called Strike
0-2: Ball
1-2: Ball
2-2: Ball
3-2: Strikes out looking
Enrique Ponce is caught stealing 2nd base 2-4
Batter strikes out.
Batting: LHB Tae-geun Kwang 0-0: Ball
1-0: Ball
2-0: Fly out, F7 (Flyball, 7LS, EV 90.0 MPH)
Bottom of the 4th over - 0 runs, 0 hits, 0 errors, 0 left on base; Philadelphia (APP) 4 - Missoula 1
TOP OF THE 5TH
Philadelphia (APP) Phillies batting - Pitching for Missoula Osprey : RHP Alex Andrade
Batting: RHB Carlos Morejon 0-0: Ball
1-0: Ball
2-0: Called Strike
2-1: Ball
3-1: Foul Ball, location: 2F
3-2: Base on Balls
Batting: RHB Kyle Reilly 0-0: Ball
1-0: Called Strike
1-1: 2-RUN HOME RUN (Flyball, 7D, EV 95.0 MPH), Distance : 346 ft
Pitching: RHP John Petersen
Batting: RHB Seung-mun Kim 0-0: Ball
1-0: Ball
2-0: Ball
3-0: Base on Balls
Batting: RHB Eduardo Calderon 0-0: Grounds into double play, 6-4-3 (Groundball, 6MD, EV 88.1 MPH)
Batting: LHB Eric Farren 0-0: Foul Ball, location: 2F
0-1: Ball
1-1: Swinging Strike
1-2: SINGLE (Groundball, 6D, EV 96.9 MPH)
Batting: RHB Vaclav Been 0-0: Called Strike
0-1: Ball
1-1: Ball
2-1: Foul Ball, location: 2F
2-2: Ball
3-2: Foul Ball, location: 2F
3-2: Foul Ball, location: 2F
3-2: Foul Ball, location: 2F
3-2: Base on Balls
Eric Farren to second
Pitching: LHP Heath Henderson
Batting: RHB Mark Schultz 0-0: Ball
1-0: Called Strike
1-1: Called Strike
1-2: Foul Ball, location: 2F
1-2: SINGLE (Groundball, 4D, EV 95.0 MPH)
Eric Farren to third
Vaclav Been to second
Runner from 3rd tries for Home, throw by CF and OUT! 8-2
Top of the 5th over - 2 runs, 3 hits, 0 errors, 2 left on base; Philadelphia (APP) 6 - Missoula 1
BOTTOM OF THE 5TH
Missoula Osprey batting - Pitching for Philadelphia (APP) Phillies : LHP Phuck II
Batting: RHB Zach Espinosa 0-0: Called Strike
0-1: Ball
1-1: Foul Ball, location: 2F
1-2: Ball
2-2: Ball
3-2: Strikes out looking
Batting: RHB Nate Spencer 0-0: SINGLE (Line Drive, 6MD, EV 95.0 MPH)
Batting: SHB Roger Holmes 0-0: Called Strike
0-1: Ball
1-1: Called Strike
1-2: Strikes out swinging
Batting: RHB Antonio Luisa 0-0: Ball
1-0: Called Strike
1-1: Ground out 1-3 (Groundball, 13, EV 63.8 MPH)
Bottom of the 5th over - 0 runs, 1 hit, 0 errors, 1 left on base; Philadelphia (APP) 6 - Missoula 1
TOP OF THE 6TH
Philadelphia (APP) Phillies batting - Pitching for Missoula Osprey : LHP Heath Henderson
Batting: RHB Gary Sampson 0-0: Foul Ball, location: 2F
0-1: Ball
1-1: Ball
2-1: Ball
3-1: Base on Balls
Batting: LHB Matt Urbanek 0-0: Foul Ball, location: 2F
0-1: Called Strike
Gary Sampson is caught stealing 2nd base 2-6
0-2: Foul Ball, location: 2F
0-2: Strikes out swinging
Batting: RHB Carlos Morejon 0-0: Ball
1-0: Ball
2-0: TRIPLE (Flyball, 78XD, EV 88.1 MPH)
Batting: RHB Kyle Reilly 0-0: Ball
1-0: Foul Ball, location: 2F
1-1: Ball
2-1: Ball
3-1: Called Strike
3-2: Foul Ball, location: 2F
3-2: Foul Ball, location: 2F
3-2: Base on Balls
Pitching: RHP Rick Foster
Batting: RHB Seung-mun Kim 0-0: Ball
1-0: Foul Ball, location: 2F
1-1: Called Strike
1-2: Ball
2-2: Ball
3-2: Strikes out swinging
Top of the 6th over - 0 runs, 1 hit, 0 errors, 2 left on base; Philadelphia (APP) 6 - Missoula 1
BOTTOM OF THE 6TH
Missoula Osprey batting - Pitching for Philadelphia (APP) Phillies : LHP Phuck II
Batting: SHB Evan Armagost 0-0: Foul Ball, location: 2F
0-1: Fly out, F7 (Flyball, 7, EV 88.8 MPH)
Batting: RHB Paul Schreiber 0-0: Called Strike
0-1: Swinging Strike
0-2: Ground out 6-3 (Groundball, 6, EV 101.9 MPH)
Batting: LHB Enrique Ponce 0-0: Ball
1-0: Foul Ball, location: 2F
1-1: Ball
2-1: Ball
3-1: Base on Balls
Batting: SHB Lee Dillon 0-0: Called Strike
0-1: Foul Ball, location: 2F
0-2: Ball
1-2: Ball
2-2: Ball
3-2: Base on Balls
Enrique Ponce to second
Batting: LHB Tae-geun Kwang 0-0: Foul Ball, location: 2F
0-1: Fly out, F5 (Popup, 5F, EV 78.1 MPH)
Bottom of the 6th over - 0 runs, 0 hits, 0 errors, 2 left on base; Philadelphia (APP) 6 - Missoula 1
TOP OF THE 7TH
Philadelphia (APP) Phillies batting - Pitching for Missoula Osprey : RHP Rick Foster
Batting: RHB Eduardo Calderon 0-0: Called Strike
0-1: Foul Ball, location: 2F
0-2: Ball
1-2: Foul Ball, location: 2F
1-2: Foul Ball, location: 2F
1-2: Ball
2-2: Ball
3-2: Base on Balls
Batting: LHB Eric Farren 0-0: Called Strike
0-1: Ball
1-1: Swinging Strike
1-2: Strikes out looking
Pitching: RHP Jason Hammons
Batting: RHB Vaclav Been 0-0: SINGLE (Flyball, 8LS, EV 85.6 MPH)
Eduardo Calderon to second
Batting: RHB Mark Schultz 0-0: Ball
1-0: Foul Ball, location: 2F
1-1: Swinging Strike
1-2: Foul Ball, location: 2F
1-2: Ball
2-2: Ball
3-2: Base on Balls
Eduardo Calderon to third
Vaclav Been to second
Batting: RHB Gary Sampson 0-0: Ball
1-0: Ball
2-0: Ball
3-0: Called Strike
3-1: Base on Balls
Eduardo Calderon scores
Vaclav Been to third
Mark Schultz to second
Batting: LHB Matt Urbanek 0-0: Called Strike
0-1: Foul Ball, location: 2F
0-2: SINGLE (Line Drive, 89S, EV 106.2 MPH)
Vaclav Been scores
Mark Schultz to third
Gary Sampson to second
Runner from 3rd tries for Home, SAFE, throw by CF to home
Batting: RHB Carlos Morejon 0-0: Called Strike
0-1: Foul Ball, location: 2F
0-2: Ball
1-2: Strikes out looking
Pitching: RHP Alan Muth
Batting: RHB Kyle Reilly 0-0: Fly out, F9 (Flyball, 9, EV 90.0 MPH)
Top of the 7th over - 3 runs, 2 hits, 0 errors, 2 left on base; Philadelphia (APP) 9 - Missoula 1
BOTTOM OF THE 7TH
Missoula Osprey batting - Pitching for Philadelphia (APP) Phillies : LHP Phuck II
Batting: RHB Zach Espinosa 0-0: Ball
1-0: Ball
2-0: Ball
3-0: Called Strike
3-1: Foul Ball, location: 2F
3-2: Strikes out swinging
Batting: RHB Nate Spencer 0-0: Ball
1-0: Ball
2-0: Swinging Strike
2-1: Foul Ball, location: 2F
2-2: Ball
3-2: Foul Ball, location: 2F
3-2: Foul Ball, location: 2F
3-2: Base on Balls
Pitching: RHP Danny Zuniga
Batting: SHB Roger Holmes 0-0: Ball
1-0: Called Strike
Nate Spencer steals 2nd, throwing error, E2
Nate Spencer to third
1-1: Ball
2-1: Swinging Strike
2-2: Ground out U3 (Groundball, 34, EV 103.8 MPH)
Nate Spencer scores
Batting: RHB Antonio Luisa 0-0: Ball
1-0: Called Strike
1-1: Swinging Strike
1-2: SINGLE (Groundball, 4D, EV 102.5 MPH)
Batting: SHB Evan Armagost 0-0: Fly out, F7 (Line Drive, 7, EV 94.4 MPH)
Bottom of the 7th over - 1 run, 1 hit, 1 error, 1 left on base; Philadelphia (APP) 9 - Missoula 2
TOP OF THE 8TH
Philadelphia (APP) Phillies batting - Pitching for Missoula Osprey : RHP Alan Muth
Batting: RHB Seung-mun Kim 0-0: Called Strike
0-1: SINGLE (Groundball, 6MD, EV 103.1 MPH)
Batting: RHB Eduardo Calderon 0-0: Ball
1-0: Foul Ball, location: 2F
1-1: Called Strike
1-2: Foul Ball, location: 2F
1-2: Ball
2-2: Ball
3-2: Base on Balls
Seung-mun Kim to second
Batting: LHB Eric Farren 0-0: Foul Ball, location: 2F
0-1: Fly out, F5 (Flyball, 5D, EV 81.9 MPH)
Batting: RHB Vaclav Been 0-0: Called Strike
0-1: Foul Ball, location: 2F
0-2: Foul Ball, location: 2F
0-2: Ball
1-2: Ball
2-2: Ball
3-2: SINGLE (Groundball, 4MD, EV 101.2 MPH)
Seung-mun Kim to third
Eduardo Calderon to second
Pitching: RHP Tom Alatas
Batting: RHB Mark Schultz 0-0: Ball
1-0: DOUBLE (Groundball, 3L, EV 103.1 MPH)
Seung-mun Kim scores
Eduardo Calderon scores
Vaclav Been to third
Batting: RHB Gary Sampson 0-0: Called Strike
0-1: Called Strike
0-2: Ball
1-2: Foul Ball, location: 2F
1-2: Strikes out looking
Batting: LHB Matt Urbanek 0-0: Ball
1-0: Ball
2-0: Called Strike
2-1: Called Strike
2-2: Ball
3-2: Strikes out swinging
Top of the 8th over - 2 runs, 3 hits, 0 errors, 2 left on base; Philadelphia (APP) 11 - Missoula 2
BOTTOM OF THE 8TH
Missoula Osprey batting - Pitching for Philadelphia (APP) Phillies : RHP Danny Zuniga
Batting: RHB Paul Schreiber 0-0: Called Strike
0-1: Ball
1-1: Foul Ball, location: 2F
1-2: Foul Ball, location: 2F
1-2: Foul Ball, location: 2F
1-2: Ground out 5-3 (Groundball, 56S, EV 79.4 MPH)
Batting: LHB Enrique Ponce 0-0: Called Strike
0-1: Swinging Strike
0-2: Ground out 3-1 (Groundball, 34, EV 108.8 MPH)
Batting: SHB Lee Dillon 0-0: Fly out, F7 (Flyball, 78M, EV 96.9 MPH)
Bottom of the 8th over - 0 runs, 0 hits, 0 errors, 0 left on base; Philadelphia (APP) 11 - Missoula 2
TOP OF THE 9TH
Philadelphia (APP) Phillies batting - Pitching for Missoula Osprey : RHP Tom Alatas
Batting: RHB Carlos Morejon 0-0: Ball
1-0: Called Strike
1-1: Ball
2-1: Fly out, F8 (Line Drive, 89D, EV 105.6 MPH)
Batting: RHB Kyle Reilly 0-0: Called Strike
0-1: Swinging Strike
0-2: Strikes out swinging
Batting: RHB Seung-mun Kim 0-0: Foul Ball, location: 2F
0-1: Foul Ball, location: 2F
0-2: Ball
1-2: Ball
2-2: Ball
3-2: Base on Balls
Batting: RHB Eduardo Calderon 0-0: Ball
1-0: Called Strike
1-1: Foul Ball, location: 2F
1-2: Foul Ball, location: 2F
1-2: Foul Ball, location: 2F
1-2: Ball
2-2: Foul Ball, location: 2F
2-2: Ball
3-2: Foul Ball, location: 2F
3-2: Foul Ball, location: 2F
3-2: SINGLE (Line Drive, 5L, EV 96.9 MPH)
Seung-mun Kim to second
Seung-mun Kim to third
Batting: LHB Eric Farren 0-0: Called Strike
0-1: SINGLE (Groundball, 34D, EV 102.5 MPH)
Seung-mun Kim scores
Eduardo Calderon to second
Pitching: RHP Matt Bailey
Batting: RHB Vaclav Been 0-0: Called Strike
0-1: Called Strike
0-2: Strikes out swinging
Top of the 9th over - 1 run, 2 hits, 0 errors, 2 left on base; Philadelphia (APP) 12 - Missoula 2
BOTTOM OF THE 9TH
Missoula Osprey batting - Pitching for Philadelphia (APP) Phillies : RHP Danny Zuniga
Batting: LHB Tae-geun Kwang 0-0: Ball
1-0: Ball
2-0: Ball
3-0: Base on Balls
Pinch Hitting: SHB Blaine Peters 0-0: Ball
1-0: Fielders Choice at 2nd, 3-6 (Groundball, 34, EV 110.6 MPH)
Batting: RHB Nate Spencer 0-0: Ball
1-0: Ball
2-0: Called Strike
2-1: Swinging Strike
2-2: Ball
3-2: Strikes out swinging
Blaine Peters steals 2nd base (no throw)
Batter strikes out.
Batting: SHB Roger Holmes 0-0: 2-RUN HOME RUN (Flyball, 9D, EV 97.5 MPH), Distance : 355 ft
Batting: RHB Antonio Luisa 0-0: Ball
1-0: Ball
2-0: Ball
3-0: Called Strike
3-1: Called Strike
3-2: Foul Ball, location: 2F
3-2: Ground out 6-3 (Groundball, 6, EV 86.2 MPH)
Bottom of the 9th over - 2 runs, 1 hit, 0 errors, 0 left on base; Philadelphia (APP) 12 - Missoula 4
Thursday, March 31st , 2022 - OOTP Baseball 22.12 Build 89